 Dungeon Crawl Stone Soup version 0.30-a0-331-g8ab09dc110 (webtiles) character file.

Game seed: 17695339771136810143

177 tgiblernsday the Chopper (level 5, -6/47 HPs)
             Began as a Hill Orc Fighter on Oct 29, 2022.
             Killed from afar by an electric eel (15 damage)
             ... with a bolt of electricity
             ... on level 3 of the Dungeon.
             The game lasted 00:08:41 (2687 turns).

tgiblernsday the Chopper (Hill Orc Fighter)         Turns: 2687, Time: 00:08:42

Health: -6/47      AC:  9    Str: 21    XL:     5   Next: 57%
Magic:  5/5        EV:  7    Int:  8    God:
Gold:   100        SH:  4    Dex: 10    Spells: 4/4 levels left

rFire   . . .      SeeInvis .    a - +0 war axe
rCold   . . .      Faith    .    c - +0 buckler
rNeg    . . .      Spirit   .    i - +0 chain mail
rPois   .          Reflect  .    (no helmet)
rElec   .          Harm     .    (no cloak)
rCorr   .          Rampage  .    (no gloves)
Will    .....                    (no boots)
Stlth   ..........               (no amulet)
HPRegen 0.27/turn                (no ring)
MPRegen 0.09/turn                (no ring)

@: on berserk cooldown, slowed, very slow
A: no striking features
a: no special abilities


You were on level 3 of the Dungeon.
You visited 1 branch of the dungeon, and saw 3 of its levels.

You collected 100 gold pieces.

Inventory:

Hand Weapons
 a - a +0 war axe (weapon)
 j - a +0 sling
Missiles
 k - 9 stones (quivered)
Armour
 c - a +0 buckler (worn)
 i - a +0 chain mail (worn)
Jewellery
 s - a ring of see invisible
Wands
 m - a wand of flame (29)
Scrolls
 f - 3 scrolls of identify
Potions
 b - 3 potions of brilliance
 d - a potion of might
 g - a potion of berserk rage
 l - a potion of attraction {unknown}
 n - a potion of flight {unknown}
 o - 2 potions of curing {unknown}
 p - a potion of mutation {unknown}


   Skills:
 + Level 4.4 Fighting
 + Level 4.8 Axes
 + Level 0.3 Ranged Weapons
 + Level 0.7 Throwing
 + Level 4.4 Armour
 + Level 4.0 Shields


You had 4 spell levels left.
You didn't know any spells.
Your spell library contained the following spells:

 Spells                   Type           Power      Damage    Failure   Level
 Kiss of Death            Conj/Necr      0%         2d5       99%         1
 Ensorcelled Hibernation  Hex/Ice        0%         N/A       100%        2
 Passwall                 Tmut/Erth      0%         N/A       100%        2
 Sublimation of Blood     Necr           0%         N/A       100%        2
 Confusing Touch          Hex            0%         N/A       100%        3
 Swiftness                Air            0%         N/A       100%        3
 Vhi's Electric Charge    Tloc/Air       0%         N/A       100%        3
 Dispel Undead            Necr           0%         3d6       100%        4
 Petrify                  Tmut/Erth      0%         N/A       100%        4
 Arcjolt                  Conj/Air       0%         1d10      100%        5
 Irradiate                Conj/Tmut      0%         3d11      100%        5
 Maxwell's Capacitive Co  Air            0%         ∞         100%        8


Dungeon Overview and Level Annotations

Branches:
Dungeon (3/15)

Altars:
Nemelex Xobeh
Xom

Annotations:
D:3 1 transporter


Message History

As you read the scroll labelled OTEN TITIRO, it crumbles to dust.
It is a scroll of identify.
b - 3 potions of brilliance
As you read the scroll labelled LOXKOA FOOXTY, it crumbles to dust.
You feel strangely unstable.
It was a scroll of teleportation.
As you read the scroll labelled ABURCHIDEM CAFAGAD, it crumbles to dust.
You assume a fearsome visage.
Nothing appears to happen.
It was a scroll of fear.
The air fills with toxic fumes!
As you read the scroll labelled ODIDDA COHAZU, it crumbles to dust.
It was a scroll of poison.
You start waiting.
Your surroundings suddenly seem different.
There is a fountain of clear blue water here.
There is a shimmering altar of Xom here.
There is a fountain of clear blue water here.
You see here a +0 club.
It was a potion of berserk rage.
A red film seems to cover your vision as you go berserk!
You feel yourself moving faster!
You feel mighty!
You feel a strong urge to attack something.
There is a transporter here.
You enter the transporter and appear at another place.
You feel your anger nearly subside.
You are no longer berserk.
You are exhausted.
You feel yourself slow down.
m - a wand of flame (29) (gained 12 charges) As you open the door, it creaks loudly!
The electric eel shoots out a bolt of lightning at you!
The bolt of electricity hits you. The bolt of electricity hits you!
The electric eel shoots out a bolt of lightning at you!
The bolt of electricity hits you!
* * * LOW HITPOINT WARNING * * *
The bolt of electricity hits you.
* * * LOW HITPOINT WARNING * * *
The bolt of electricity hits the plant!
The plant begins to die.
The electric eel shoots out a bolt of lightning at you!
The bolt of electricity hits you!
You die...

#..###..........<###...###.######
........................##.......
...####.###.............#########
...####.#######.....[...# #.
................©.....### #.
...#########.#######..# #.
.......# #.#8.©.8#.## #. ...###.#
#.#P...P#.# #.
...###.#####.###@###.# ####.
#...##.......#S...S#.# #....
).#.########.#~...S#.########.#..
#.>.# #.#~~~~~#.........|#.#
##### #.#~~⌠P~#.##########.# #
#.#~~~~~#.# ########.# #
#.#~~P~~#.# #........# #
#.#~~~~~#.# #.######## #
#.###+###.###.#


You could see 3 electric eels.

Vanquished Creatures
  Natasha (thrice) (D:2)
  A gnoll (D:1)
  3 adders
  2 endoplasms
  5 giant cockroaches
  10 goblins
  9 hobgoblins
  3 jackals (D:1)
  4 quokkas
  6 ball pythons
  7 bats
  3 frilled lizards (D:2)
  2 kobolds
  6 rats
64 creatures vanquished.

Vanquished Creatures (others)
  3 plants (D:2)
3 creatures vanquished.

Grand Total: 67 creatures vanquished

Notes
Turn   | Place    | Note
-------+----------+-------------------------------------------
     0 | D:1      | tgiblernsday the Hill Orc Fighter began the quest for the
                  | Orb.
     0 | D:1      | Reached XP level 1. HP: 19/19 MP: 1/1
   247 | D:1      | Reached XP level 2. HP: 27/27 MP: 2/2
   529 | D:1      | Reached XP level 3. HP: 33/33 MP: 3/3
   976 | D:2      | Reached XP level 4. HP: 21/40 MP: 4/4
  1238 | D:2      | Found a sparkling altar of Nemelex Xobeh.
  1313 | D:2      | Noticed Natasha
  1330 | D:2      | Killed Natasha
  1376 | D:2      | Noticed Natasha
  1386 | D:2      | Killed Natasha
  1387 | D:2      | Reached XP level 5. HP: 12/47 MP: 5/5
  1677 | D:2      | Noticed Natasha
  1687 | D:2      | Killed Natasha
  1928 | D:3      | Found a transporter.
  1991 | D:3      | Found a transporter.
  2112 | D:3      | Found a shimmering altar of Xom.
  2112 | D:3      | Found a shimmering altar of Xom.
  2112 | D:3      | Found a shimmering altar of Xom.
  2176 | D:3      | Found a shimmering altar of Xom.
  2687 | D:3      | Killed from afar by an electric eel

Illustrated notes

Levels and vault maps discovered:
D:1:      ncdulo_lavacross, layout_basic
D:2:      minmay_angry_zag, layout_loops_ring, basic_altar, serial_bayou_pond_b,
          uniq_natasha
D:3:      gammafunk_steamed_eel, layout_loops_ring, xom_redecorated

Skill      XL: |  1  2  3  4  5 |
---------------+----------------+-----
Fighting       | 4 |  4.4
Axes           | 3 4 |  4.8
Armour         | 4 |  4.4
Shields        | 4 |  4.0
Ranged Weapons | |  0.3
Throwing       | |  0.7

Action                   |  1- 3 |  4- 6 || total
-------------------------+-------+-------++-------
Melee: War axe           |    96 |   110 ||   206
 Fire: Sling             |       |     3 ||     3
Throw: Stone             |    37 |    16 ||    53
  Use: Scroll            |       |     5 ||     5
       Potion            |       |     1 ||     1
Armor: Scale mail        |    18 |       ||    18
       Chain mail        |    27 |    71 ||    98
Dodge: Dodged            |    45 |    31 ||    76
Block: Buckler           |    22 |    26 ||    48

Table legend: (Time is in decaauts)
 A = Elapsed time spent in this place.
 B = Non-inter-level travel time spent in this place.
 C = Inter-level travel time spent in this place.
 D = Time resting spent in this place.
 E = Time spent auto-exploring this place.
 F = Levels seen in this place.
 G = Mean time per level.
                   A        B        C        D        E       F      G
               +--------+--------+--------+--------+--------+-----+--------+
         Total |   2796 |   2663 |    133 |    187 |   1741 |   3 |  932.0 |
       Dungeon |   2796 |   2663 |    133 |    187 |   1741 |   3 |  932.0 |
               +--------+--------+--------+--------+--------+-----+--------+

Top non-repeatable levels by time:
     D:2: 1207 daAuts
     D:1: 820 daAuts
     D:3: 768 daAuts
